 Dungeon Crawl Stone Soup version 0.28.0-49-g6dfe1f597d (webtiles) character file.

Game seed: 114878106942305549

170 bnorton916 the Magician (level 5, -2/28 HPs)
             Began as a Deep Elf Fire Elementalist on May 17, 2022.
             Killed by divine providence
             ... invoked by an orc priest
              (12 damage)
             ... on level 3 of the Dungeon.
             The game lasted 00:04:02 (3441 turns).

bnorton916 the Magician (DEFE)                      Turns: 3441, Time: 00:04:03

Health: -2/28      AC:  4    Str:  5    XL:     5   Next: 25%
Magic:  10/14      EV: 12    Int: 28    God:
Gold:   150        SH:  0    Dex: 15    Spells: 10/13 levels left

rFire   . . .      SeeInvis .   l - +2 dagger (venom)
rCold   . . .      Faith    .   (no shield)
rNeg    . . .      Spirit   .   a - +0 robe
rPois   .          Reflect  .   (no helmet)
rElec   .          Harm     .   r - +0 cloak
rCorr   .          Rampage  .   (no gloves)
Will    +....                   g - +0 pair of boots
Stlth   ++........              (no amulet)
HPRegen 0.09/turn               b - +6 ring of intelligence
MPRegen 0.14/turn               c - ring of willpower

@: no status effects
A: no striking features
a: no special abilities


You were on level 3 of the Dungeon.
You visited 1 branch of the dungeon, and saw 4 of its levels.

You collected 150 gold pieces.

Inventory:

Hand Weapons
 l - a +2 dagger of venom (weapon)
 o - a +2 halberd of protection
Missiles
 i - 10 poisoned darts
 q - 4 javelins
Armour
 a - a +0 robe (worn)
 g - a +0 pair of boots (worn)
 r - a +0 cloak (worn)
Jewellery
 b - a +6 ring of intelligence (left hand)
 c - a ring of willpower (right hand)
 p - an amulet of regeneration
Scrolls
 d - a scroll of noise {unknown}
 e - 2 scrolls of fear {unknown}
 j - 2 scrolls of identify {unknown}
 k - a scroll of teleportation {unknown}
 m - a scroll of immolation {unknown}
 n - a scroll of enchant armour {unknown}
Potions
 f - a potion of haste {unknown}
 h - a potion of mutation {unknown}


   Skills:
 - Level 2.4 Dodging
 - Level 2.4 Stealth
 + Level 4.9 Spellcasting
 + Level 3.3 Conjurations
 + Level 4.6 Fire Magic


You had 10 spell levels left.
You knew the following spells:

 Your Spells              Type           Power      Damage    Failure   Level
a - Foxfire               Conj/Fire      100%       2x1d9     1%          1
b - Scorch                Fire           64%        2d8       1%          2

Your spell library contained the following spells:

 Spells                   Type           Power      Damage    Failure   Level
 Conjure Flame            Conj/Fire      29%        6-21      4%          3
 Inner Flame              Hex/Fire       19%        N/A       8%          3
 Flame Wave               Conj/Fire      29%        2d8       13%         4


Dungeon Overview and Level Annotations

Branches:
Dungeon (4/15)
 Temple: D:4-7

Altars:


Message History

You kill the orc!
Unknown command.
You start resting.
Magic restored.
You start resting.
HP restored.
You start waiting.
You start waiting.
Done waiting.
You climb downwards.
You hear the hiss of flowing sand.
There is an entrance to an ossuary on this level.
Hurry and find it before the portal is buried!
You hear the brisk hiss of a distant avalanche of sand.
The orc closely misses you. The orc priest barely misses you.
The orc hits you but does no damage.
The orc priest hits you but does no damage.
There is a stone staircase leading up here.
The orc hits you but does no damage.
The orc priest hits you with a +0 short sword.
You climb upwards.
There is a stone staircase leading down, spattered with blood here.
Casting: Scorch (safe; 1% risk of failure)
Confirm with . or Enter, or press ? or * to list all spells.
Flames lash the orc priest.
The orc priest is severely wounded.
The orc priest's fire resistance burns away.
The orc hits you but does no damage.
The orc priest hits you with a +0 short sword.
The orc closely misses you.
The orc priest calls down the wrath of Beogh upon you.
Beogh smites you!
Ouch! That really hurt!
Casting: Scorch (safe; 1% risk of failure)
Confirm with . or Enter, or press ? or * to list all spells.
Flames lash the orc.
You kill the orc!
The orc priest misses you.
The orc priest invokes the aid of Beogh against you.
Beogh smites you!
You die...

..............#.#................
..#.#...#.#.#.##.................
........#........................
..#.#.#...#.#.#..................
.............#.....##............
..#.#.#.#.#.#.#.#..##............
...................##............
...............o.).###...........
....#########..[@................
........#####.###.........<......
........#.....###................
...............##................
.................................
.....................[...........
........####+##..................
#..#..........#..(...............
#.............#..................


You could see an orc priest (combustible).

Vanquished Creatures
  An orc wizard (D:3)
  3 gnolls (D:3)
  5 adders
  A worm (D:2)
  A dart slug (D:1)
  3 orcs (D:3)
  2 ball pythons
  An endoplasm (D:2)
  6 goblins
  5 hobgoblins
  3 jackals (D:2)
  7 quokkas
  4 bats
  4 frilled lizards
  A kobold (D:1)
  24 rats
71 creatures vanquished.

Vanquished Creatures (others)
  147 foxfires
147 creatures vanquished.

Grand Total: 218 creatures vanquished

Notes
Turn   | Place    | Note
-------+----------+-------------------------------------------
     0 | D:1      | bnorton916 the Deep Elf Fire Elementalist began the quest
                  | for the Orb.
     0 | D:1      | Reached XP level 1. HP: 10/10 MP: 6/6
   361 | D:1      | Reached XP level 2. HP: 15/15 MP: 5/8
   476 | D:1      | Found a faded altar of an unknown god.
   784 | D:2      | Reached XP level 3. HP: 19/19 MP: 6/10
   833 | D:2      | Learned a level 2 spell: Scorch
  1162 | D:2      | Reached XP level 4. HP: 10/24 MP: 6/12
  2824 | D:3      | Reached XP level 5. HP: 28/28 MP: 8/14
  3441 | D:3      | Killed from afar by an orc priest

Illustrated notes

Levels and vault maps discovered:
D:1:      evilmike_arrival_crescent, layout_rooms,
          shapermc_ecumenical_altar_mp_vishouse, glass_columns_b
D:2:      layout_rooms
D:3:      layout_basic, hangedman_decor_growths, hangedman_decor_riveting,
          minmay_rat_hole
D:4:      minmay_inner_zag, layout_rooms, minmay_temple_entry_ruins,
          nicolae_ossuary_entry_giza, grunt_ministairs_10, uniq_ijyb,
          uniq_eustachio

Skill      XL: |  1  2  3  4 |
---------------+-------------+-----
Conjurations   | 2 3 |  3.3
Spellcasting   | 4 |  4.9
Fire Magic     | 4 |  4.6
Dodging        | |  2.4
Stealth        | |  2.4

Action                   |  1- 3 |  4- 6 || total
-------------------------+-------+-------++-------
 Cast: Foxfire           |    49 |    36 ||    85
       Scorch            |     1 |     9 ||    10
Armor: Robe              |     2 |     6 ||     8
Dodge: Dodged            |    14 |    18 ||    32
